 Dungeon Crawl Stone Soup version 0.25.0-46-gbd7b0854d2 (webtiles) character file.

Game seed: 15162936925952109343

20053 Contrite the Spear-Bearer (level 13, -3/113 HPs)
             Began as a Formicid Abyssal Knight on July 15, 2020.
             Was a Priest of Lugonu.
             Slain by a minotaur
             ... wielding an uncursed staff of cold
              (7 damage)
             ... in a Gauntlet.
             The game lasted 00:50:44 (21691 turns).

Contrite the Spear-Bearer (FoAK)                   Turns: 21691, Time: 00:50:46

Health: -3/113     AC: 17    Str: 27    XL:     13   Next: 9%
Magic:  4/20       EV:  8    Int: 14    God:    Lugonu [***...]
Gold:   811        SH:  3    Dex: 10    Spells: 12/12 levels left

rFire    . . .     SeeInvis +   a - +7 trident
rCold    + . .     Gourm    .   I - +0 buckler
rNeg     + . .     Faith    .   F - +0 plate armour
rPois    .         Spirit   .   (helmet unavailable)
rElec    .         Reflect  .   Q - +1 cloak
rCorr    .         Harm     .   (no gloves)
MR       +....     Clarity  +   (no boots)
Stlth    ..........             E - amulet of the acrobat
HPRegen  0.00/turn              A - ring of protection from cold
MPRegen  0.17/turn              h - ring "Guogitze" {rN+ Str+4 Int+3 SInv}

@: no status effects
A: permanent stasis, dig shafts and tunnels, four strong arms, antennae 3,
clarity, robust 1, inhibited regeneration, wild magic 1
a: Dig, Shaft Self, Depart the Abyss, Bend Space, Banish, Renounce Religion


You were in a Gauntlet.
You worshipped Lugonu.
Lugonu was most pleased with you.
You were hungry.

You visited 2 branches of the dungeon, and saw 14 of its levels.
You visited the Abyss 2 times.
You also visited: Gauntlet.

You collected 811 gold pieces.

Inventory:

Hand Weapons
 a - a +7 trident (weapon)
 e - a +0 vorpal spear
 w - a +1 spear
 K - the +4 whip "Huatuny" {drain, rPois rF+ MR+}
   (You took it off a big kobold on level 9 of the Dungeon)

   A truly terrible weapon, it drains the life of those it strikes.
   It protects you from fire.
   It protects you from poison.
   It affects your resistance to hostile enchantments.
Missiles
 n - 7 boomerangs
 r - 21 poisoned darts (quivered)
 t - 16 curare-tipped darts
 D - 2 throwing nets
 J - 5 atropa-tipped darts
Armour
 F - a +0 plate armour (worn)
 I - a +0 buckler (worn)
 Q - a +1 cloak (worn)
Magical Staves
 O - an uncursed staff of wizardry
Jewellery
 b - the ring "Sixi" {Fire Stlth+}
   (You found it in a Gauntlet)

   [ring of fire]

   It enhances your fire magic.
   It protects you from fire.
   It makes you vulnerable to cold.
   It makes you more stealthy.
 h - the ring "Guogitze" (right hand) {rN+ Str+4 Int+3 SInv}
   (You found it on level 10 of the Dungeon)

   [ring of see invisible]

   It affects your strength (+4).
   It affects your intelligence (+3).
   It protects you from negative energy.
   It lets you see invisible.
 l - an uncursed ring of ice
 x - an uncursed ring of fire
 A - a ring of protection from cold (left hand)
 E - an amulet of the acrobat (around neck)
Wands
 j - a wand of disintegration (4)
 G - a wand of acid (5)
Scrolls
 q - 3 scrolls of fear
 s - 2 scrolls of remove curse
 v - a scroll of fog
 B - a scroll of enchant weapon
 M - a scroll of torment
Potions
 f - 2 potions of brilliance
 g - a potion of cancellation
 o - a potion of lignification
 z - a potion of resistance
 H - 2 potions of flight
 P - a potion of mutation
Comestibles
 c - 18 rations


   Skills:
 + Level 10.3 Fighting
 + Level 12.4 Polearms
 - Level 4.5 Throwing
 * Level 11.4 Armour
 - Level 0.8 Dodging
 - Level 0.2 Stealth
 - Level 1.3 Shields
 * Level 10.2 Invocations


You had 12 spell levels left.
You didn't know any spells.
Your spell library contained the following spells:

 Spells                   Type           Power        Failure   Level  Hunger
 Corona                   Hex            #......      98%         1    ##.....
 Magic Dart               Conj           #...         98%         1    ##.....
 Sandblast                Erth           #.....       98%         1    ##.....
 Ensorcelled Hibernation  Hex/Ice        #.....       99%         2    ###....
 Passwall                 Tmut/Erth      #.......     99%         2    ###....
 Searing Ray              Conj           #.....       99%         2    ###....
 Confusing Touch          Hex            #.......     100%        3    ####...
 Dazzling Flash           Conj/Hex       #.....       100%        3    ####...
 Stone Arrow              Conj/Erth      #.....       100%        3    ####...
 Tukima's Dance           Hex            #.......     100%        3    ####...
 Fulminant Prism          Conj/Hex       #.........   100%        4    #####..
 Iskenderun's Mystic Bla  Conj/Tloc      #.......     100%        4    #####..
 Petrify                  Tmut/Erth      #.......     100%        4    #####..
 Lee's Rapid Deconstruct  Erth           #.........   100%        5    ######.


Dungeon Overview and Level Annotations

Branches:
Dungeon (12/15)            Temple (0/1) D:7            Lair (2/6) D:11
  Swamp (0/4) Lair:2       Spider (0/4) Lair:2          Orc (0/2) D:9
Gauntlet (1/1)

Altars:
Ashenzari
Cheibriados
Dithmenos
Fedhas
Gozag
Hepliaklqana
Makhleb
Nemelex Xobeh
Ru
Sif Muna
Uskayaw
Vehumet
Wu Jian
Xom
Yredelemnul
Zin

Shops:
D:7 }   D:9 (

Annotations:
D:4 exclusion: 2 downstairs
D:8 exclusion: 2 downstairs
D:10 exclusion: downstairs
D:11 exclusions: downstairs and upstairs
Lair:1 Grum
Lair:2 2 transporters, ilikeclowns's ghost, journeyman MiFi Gauntlet 8 transporters, 5 runed translucent doors, exclusion: orange crystal statue


Innate Abilities, Weirdness & Mutations

You cannot be hasted, slowed, berserked, paralysed or teleported.
You can dig through walls and to a lower floor.
Your four strong arms can wield two-handed weapons with a shield.
You have a pair of large antennae on your head. (SInv)
You possess an exceptional clarity of mind.
You are robust. (+10% HP)
You do not regenerate when monsters are visible.
Your spells are a little harder to cast, but a little more powerful.


Message History

* * * LOW HITPOINT WARNING * * *
Press: ? - help, Shift-Dir - straight line, f/p - minotaur
Aim: a minotaur, wielding a staff of cold, wearing a +0 chain mail and quivering 16 silver javelins (moderately wounded, chance to defeat MR: 24%)
The minotaur resists with almost no effort.
You feel somewhat more hungry.
The minotaur hits you with an uncursed staff of cold.
* * * LOW HITPOINT WARNING * * *
The minotaur freezes you.
* * * LOW HITPOINT WARNING * * *
The minotaur completely misses you.
Press: ? - help, Shift-Dir - straight line, f/p - minotaur
Aim: a minotaur, wielding a staff of cold, wearing a +0 chain mail and quivering 16 silver javelins (moderately wounded, chance to defeat MR: 24%)
The minotaur resists with almost no effort.
You are feeling hungry.
The minotaur hits you with an uncursed staff of cold!!
* * * LOW HITPOINT WARNING * * *
The minotaur freezes you.
* * * LOW HITPOINT WARNING * * *
The minotaur gores you!
You die...

###
#####################
### ##
#.................
#.♣.♣.©.©.©.©.♣.♣.#
#.................
#####.###.###.#####
##.###.###.###
#.............#
#.###.###.###.#
#.......@.....#
#######H####### #Z ∩.
... '⌠.. ##..⌠ ###+


You could see a minotaur and a minotaur zombie.

Vanquished Creatures
  A two-headed ogre (D:9)
  The ghost of protoss039 the Eclecticist, a journeyman DEWz of Vehumet (D:10)
  Sonja (Lair:2)
  A soul eater (Gauntlet)
  A sixfirhy (Gauntlet)
  2 skeletal warriors
  2 unseen horrors
  2 ugly things (D:11)
  5 cyclopes
  2 centaur skeletons
  2 centaur zombies
  2 gargoyles (D:10)
  A kobold demonologist (D:9)
  3 trolls
  4 hippogriffs
  A wraith (D:10)
  4 yaks (D:11)
  2 hungry ghosts
  A vampire mosquito (D:10)
  Menkaure (D:5)
  An acid dragon (D:11)
  A water moccasin (D:6)
  Duvessa (D:5)
  3 porcupines
  3 orc warriors
  5 sky beasts
  A hornet zombie (D:10)
  An ice beast (D:11)
  11 ogres
  3 wolves (Lair:1)
  5 centaurs
  8 big kobolds
  A crocodile (Lair:2)
  12 bullfrogs
  7 scorpions
  Dowan (D:5)
  4 howler monkeys
  8 wights
  6 crimson imps
  2 hounds
  A bullfrog skeleton (D:11)
  2 jellies
  6 orc wizards
  5 orc priests
  5 iguanas
  9 worker ants
  2 hound zombies
  13 adders
  4 gnolls (D:4)
  5 shadow imps
  4 ufetubi (Gauntlet)
  2 oozes
  2 adder skeletons
  3 worms
  2 dart slugs
  11 leopard geckos
  26 orcs
  3 giant cockroaches
  5 goblins
  10 hobgoblins
  9 jackals
  8 quokkas
  5 ball pythons
  6 bats
  7 frilled lizards
  2 giant cockroach zombies
  6 kobolds
  A quokka zombie (D:4)
  9 rats
  A plant (Gauntlet)
  A withered plant (D:5)
298 creatures vanquished.

Vanquished Creatures (others)
  A hydra (D:11)
  A death knight (D:10)
  2 black mambas (Lair:2)
  A spiny frog (Lair:2)
  A fungus (D:10)
  A plant (Lair:1)
7 creatures vanquished.

Grand Total: 305 creatures vanquished

Notes
Turn   | Place    | Note
-------+----------+-------------------------------------------
     0 | Abyss:1  | Contrite the Formicid Abyssal Knight began the quest for
                  | the Orb.
     0 | Abyss:1  | Reached XP level 1. HP: 18/18 MP: 2/2
    26 | Abyss:1  | Noticed a large abomination
    64 | D:1      | Escaped the Abyss
   136 | D:1      | Noticed a centaur
   138 | D:1      | Noticed a centaur
   140 | D:1      | Noticed a minotaur
   141 | D:1      | Noticed a troll
   142 | D:1      | Noticed a minotaur skeleton
   144 | D:1      | Noticed a gargoyle
   144 | D:1      | Noticed a gargoyle
   148 | D:1      | Noticed a dwarf
   152 | D:1      | Noticed a troll
   154 | D:1      | Noticed a dwarf
   180 | D:1      | You fall into a shaft and drop 1 floor!
   477 | D:2      | Reached * piety under Lugonu
   512 | D:1      | Reached XP level 2. HP: 25/25 MP: 3/3
   786 | D:1      | Reached XP level 3. HP: 30/30 MP: 4/4
  1392 | D:2      | Reached skill level 3 in Polearms
  1392 | D:2      | Reached XP level 4. HP: 37/37 MP: 5/5
  1427 | D:2      | Reached ** piety under Lugonu
  1994 | D:2      | Reached XP level 5. HP: 42/43 MP: 6/6
  2236 | D:2      | Found a burning altar of Makhleb.
  2239 | D:2      | Found a radiant altar of Vehumet.
  2242 | D:2      | Found a shimmering altar of Xom.
  2836 | D:3      | Found a snail-covered altar of Cheibriados.
  3327 | D:3      | Reached XP level 6. HP: 15/49 MP: 7/7
  3858 | D:4      | Reached skill level 4 in Polearms
  3863 | D:4      | Found a glowing silver altar of Zin.
  3883 | D:4      | Reached skill level 1 in Throwing
  4079 | D:4      | Noticed a phantom
  4423 | D:4      | Noticed an ogre
  4433 | D:4      | Killed an ogre
  4433 | D:4      | Reached skill level 5 in Fighting
  4433 | D:4      | Reached XP level 7. HP: 33/56 MP: 8/8
  4998 | D:5      | Entered Level 5 of the Dungeon
  5188 | D:5      | Noticed Duvessa
  5229 | D:5      | Noticed Menkaure
  5414 | D:5      | Reached *** piety under Lugonu
  5654 | D:5      | Found a basalt altar of Yredelemnul.
  5656 | D:5      | Noticed Dowan
  5659 | D:5      | Killed Dowan
  5659 | D:5      | Reached skill level 5 in Polearms
  5682 | D:5      | Killed Duvessa
  5682 | D:5      | Reached skill level 5 in Armour
  5726 | D:5      | Killed Menkaure
  5726 | D:5      | Reached XP level 8. HP: 30/63 MP: 9/9
  5899 | D:5      | Reached skill level 6 in Polearms
  6607 | D:5      | Found a sparkling altar of Nemelex Xobeh.
  7003 | D:6      | Reached skill level 7 in Polearms
  7381 | D:6      | Reached XP level 9. HP: 37/70 MP: 10/10
  7629 | D:6      | Gained mutation: You do not regenerate when monsters are
                  | visible. [potion of mutation]
  7629 | D:6      | Gained mutation: You possess an exceptional clarity of
                  | mind. [potion of mutation]
  7629 | D:6      | Gained mutation: Your spells are a little harder to cast,
                  | but a little more powerful. [potion of mutation]
  7629 | D:6      | Gained mutation: You are robust. (+10% HP) [potion of
                  | mutation]
  8114 | D:7      | Found Vevok's Gadget Boutique.
  8179 | D:7      | Found an opulent altar of Gozag.
  8372 | D:7      | Found a staircase to the Ecumenical Temple.
  8389 | D:7      | Found a shimmering blue altar of Sif Muna.
  8653 | D:7      | Found a hide-covered altar of Uskayaw.
  8653 | D:7      | Found a shattered altar of Ashenzari.
  8871 | D:8      | Found a shadowy altar of Dithmenos.
  8945 | D:8      | Reached skill level 8 in Polearms
  8986 | D:8      | Found a hazy altar of Hepliaklqana.
  9611 | D:8      | Found a blossoming altar of Fedhas.
  9612 | D:8      | Found a sacrificial altar of Ru.
  9686 | D:9      | Noticed a two-headed ogre
  9820 | D:9      | Found a staircase to the Orcish Mines.
  9836 | D:9      | Killed a two-headed ogre
  9836 | D:9      | Reached XP level 10. HP: 86/86 MP: 11/13
  9853 | D:9      | Found Koikhlise's Weapon Shoppe.
  9932 | D:9      | Reached **** piety under Lugonu
 10127 | D:9      | Found an opulent altar of Gozag.
 10270 | D:9      | Found an ornate altar of the Wu Jian Council.
 10291 | D:9      | Reached skill level 9 in Polearms
 10594 | D:9      | Reached skill level 5 in Invocations
 10677 | D:9      | Noticed a cyclops
 11309 | D:10     | Entered Level 10 of the Dungeon
 11522 | D:10     | You fall into a shaft and drop 1 floor!
 11894 | D:10     | Noticed a skeletal warrior
 11894 | D:10     | Noticed a skeletal warrior
 11895 | D:10     | Noticed a death knight
 12300 | D:9      | Killed a cyclops
 12607 | D:9      | Reached skill level 1 in Shields
 12829 | D:10     | Noticed a gargoyle
 12840 | D:10     | Killed a gargoyle
 12840 | D:10     | Reached XP level 11. HP: 94/94 MP: 15/15
 14491 | D:10     | Banished a death knight
 14977 | D:10     | Found a runed translucent gate.
 14977 | D:10     | Found a runed translucent gate.
 14977 | D:10     | Found a runed translucent gate.
 14978 | D:10     | Identified the +4 whip "Huatuny" {drain, rPois rF+ MR+}
 14979 | D:10     | Noticed protoss039's ghost (journeyman DEWz)
 15247 | D:9      | Cast into level 1 of the Abyss (big kobold)
 15247 | Abyss:1  | Found a corrupted altar of Lugonu.
 15248 | D:9      | Escaped the Abyss
 15253 | D:9      | HP: 3/141 [big kobold/+1 short sword of distortion (17)]
 15267 | D:9      | HP: 7/141 [big kobold/+0 dagger (1)]
 15918 | D:10     | Killed protoss039's ghost
 15918 | D:10     | Reached skill level 10 in Polearms
 15937 | D:10     | Got a bound glass ring
 15943 | D:10     | Identified the ring "Guogitze" {rN+ Str+4 Int+3 SInv} (You
                  | found it on level 10 of the Dungeon)
 16011 | D:11     | Noticed a cyclops
 16036 | D:11     | Killed a cyclops
 16225 | D:11     | Noticed a green ugly thing
 16253 | D:11     | Killed a green ugly thing
 16642 | D:11     | Noticed an unseen horror
 16656 | D:11     | Noticed an eight-headed hydra
 16657 | D:11     | Killed an unseen horror
 17463 | D:11     | Reached XP level 12. HP: 92/104 MP: 19/19
 17779 | D:11     | Reached skill level 10 in Armour
 17918 | D:11     | Banished an eight-headed hydra
 18443 | D:11     | Reached skill level 11 in Polearms
 18562 | D:11     | Found a staircase to the Lair.
 19101 | D:12     | Noticed an unseen horror
 19108 | D:12     | Killed an unseen horror
 19120 | D:12     | Noticed a skeletal warrior
 19486 | D:12     | Noticed a skeletal warrior
 19493 | D:12     | Noticed a skeletal warrior
 19493 | D:12     | Noticed a skeletal warrior
 19526 | D:11     | Killed a skeletal warrior
 19526 | D:11     | Reached skill level 10 in Fighting
 19821 | D:12     | Reached skill level 12 in Polearms
 19866 | D:12     | Killed a skeletal warrior
 20175 | Lair:1   | Entered Level 1 of the Lair of Beasts
 20300 | Lair:1   | Noticed Grum
 20303 | Lair:1   | You fall into a shaft and drop 1 floor!
 20464 | Lair:2   | Noticed Sonja
 20468 | Lair:2   | Killed Sonja
 20622 | Lair:2   | Noticed ilikeclowns's ghost (journeyman MiFi)
 20630 | Lair:2   | Found a transporter.
 20655 | Lair:2   | Found a transporter.
 20666 | Lair:2   | Reached skill level 10 in Invocations
 20666 | Lair:2   | Reached XP level 13. HP: 43/113 MP: 20/20
 20698 | Lair:2   | Found a gate leading to a gauntlet.
 20707 | Gauntlet | Entered a Gauntlet
 20707 | Gauntlet | Found a transporter.
 20951 | Gauntlet | Found a transporter.
 20952 | Gauntlet | Found a transporter.
 20961 | Gauntlet | Found a transporter.
 20963 | Gauntlet | Found a transporter.
 20971 | Gauntlet | Found a transporter.
 20984 | Gauntlet | Noticed a dire elephant
 20987 | Gauntlet | Found a transporter.
 20999 | Gauntlet | Found a transporter.
 21008 | Gauntlet | Found a runed translucent gate.
 21009 | Gauntlet | Found a transporter.
 21009 | Gauntlet | Found a runed translucent gate.
 21010 | Gauntlet | Found a runed translucent gate.
 21026 | Gauntlet | Found a transporter.
 21038 | Gauntlet | Found a runed translucent door.
 21040 | Gauntlet | Found a transporter.
 21040 | Gauntlet | Found a transporter.
 21043 | Gauntlet | Found a runed translucent door.
 21092 | Gauntlet | Found a transporter.
 21095 | Gauntlet | Found a transporter.
 21096 | Gauntlet | Noticed a catoblepas
 21588 | Gauntlet | Got a sparkling lapis lazuli ring
 21664 | Gauntlet | Identified the ring "Sixi" {Fire Stlth+} (You found it in a
                  | Gauntlet)
 21674 | Gauntlet | Noticed a minotaur
 21691 | Gauntlet | HP: 4/113 [minotaur/uncursed staff of cold (2)]
 21691 | Gauntlet | Slain by a minotaur

Illustrated notes

Levels and vault maps discovered:
D:1:      shiori_arrival_whats_in_store_for_you, layout_basic
D:2:      layout_loops_ring, grunt_temple_overflow_diamond
D:3:      layout_basic, cheibriados_altar_1, first_ration
D:4:      layout_loops_ring, old_standard_altar
D:5:      layout_loops_ring, nemelex_xobeh_ov_fountains_minmay,
          yredelemnul_altar_generic, uniq_duvessa, uniq_menkaure
D:6:      layout_basic
D:7:      layout_basic, lemuel_crystal_altar, lemuel_doored_altar,
          gammafunk_temple_overflow_pools, minmay_temple_entry_grid,
          serial_shops, shop, grunt_ogre_cave
D:8:      layout_basic, grunt_dithmenos_smoke, nicolae_overflow_crystal_walls,
          gammafunk_temple_overflow_statue
D:9:      layout_roguey, old_standard_altar, serial_shops, shop,
          hangedman_decor_peaks_small, grunt_gozag_statues
D:10:     wander_river, layout_cave_pools, gammafunk_ghost_nasty_kobolds
D:11:     cheibrodos_elevator_heist, layout_basic, lair_entry_dummy
D:12:     layout_loops_ring, minmay_lindwurm_lava
Lair:1:   layout_regular_city, grunt_megastairs_1, infiniplex_staircase_pool_2,
          uniq_grum
Lair:2:   layout_gridlike, minmay_swamp_entry_wisps,
          nicolae_spider_entry_non_spiders, gammafunk_ghost_arena,
          gauntlet_entry_generic, uniq_sonja
Gauntlet: minmay_gauntlet_77_tree [minmay_gauntlet_arena_77_checkered,
          minmay_gauntlet_arena_77_shame_cube, minmay_gauntlet_arena_77_braids,
          minmay_gauntlet_arena_77_run_for_it, minmay_gauntlet_arena_77_mirror,
          minmay_gauntlet_arena_77_hold_the_fort,
          minmay_gauntlet_arena_77_two_paths, gauntlet_exit_hidden_loot]

Skill      XL: |  1  2  3  4  5  6  7  8  9 10 11 12 |
---------------+-------------------------------------+-----
Fighting       | 4 5 6 7 8 9 10 | 10.3
Polearms       | 3 4 5 7 8 9 10 12 | 12.4
Armour         | 3 4 5 6 7 9 11 | 11.4
Throwing       | 1 2 3 4 |  4.5
Invocations    | 4 6 9 10 | 10.2
Shields        | 1 |  1.3
Dodging        | |  0.8
Stealth        | |  0.2

Action                   |  1- 3 |  4- 6 |  7- 9 | 10-12 | 13-15 || total
-------------------------+-------+-------+-------+-------+-------++-------
Melee: Spear             |   131 |   247 |   147 |       |       ||   525
       Trident           |       |       |   210 |   683 |    67 ||   960
       Whip              |       |       |       |    31 |       ||    31
Throw: Stone             |       |     3 |       |       |       ||     3
       Dart              |       |    24 |    26 |    97 |     2 ||   149
       Boomerang         |       |       |     9 |     6 |       ||    15
Invok: Depart the Abyss  |     1 |       |       |     1 |       ||     2
       Bend Space        |       |       |       |     2 |       ||     2
       Banish            |       |       |       |     7 |     6 ||    13
 Abil: Shaft Self        |     1 |       |       |     1 |       ||     2
Evoke: Wand              |       |       |       |     5 |       ||     5
  Use: Scroll            |       |     4 |     4 |    19 |       ||    27
       Potion            |       |     1 |     3 |     9 |       ||    13
  Eat: Chunk             |     2 |    10 |    15 |    25 |     1 ||    53
       Ration            |       |       |     1 |     5 |     1 ||     7
Armor: Leather armour    |     7 |       |       |       |       ||     7
       Ring mail         |    19 |    59 |    27 |       |       ||   105
       Scale mail        |       |       |     9 |       |       ||     9
       Chain mail        |       |       |    49 |   173 |       ||   222
       Skin              |       |       |       |    78 |       ||    78
       Plate armour      |       |       |       |   101 |    39 ||   140
Dodge: Dodged            |    48 |    97 |    96 |   220 |    23 ||   484
Block: Buckler           |       |       |       |    84 |    11 ||    95
